Cogmind - Beta 13 @@@ ROGUE MODE // 2024.06.26 @ 21:33:00 Player: celerysam Result: Destroyed by G-47 Trooper with Particle Gun Performance ------------- Evolutions (3) 1500 Regions Visited (4) 800 Robots Destroyed (25) 125 Value Destroyed (626) 626 Prototype IDs (2) 40 Alien Tech Used (0) 0 Bonus (0) 0 TOTAL SCORE: 3091 Bonus ------- None Cogmind --------- Core Integrity 0/700 Matter 123/300 Energy 100/100 System Corruption 8% Temperature Cool (18) Movement Core (150) Ox2 Location -7/Factory Parts ------- > --- POWER (2) -------- (None) > --- PROPULSION (6) --- (None) > --- UTILITY (3) ------ Coolant Injector Advanced Targeting Computer Transmission Jammer > --- WEAPON (2) ------- Flak Gun Power Maul > --- INVENTORY (5) ---- System Shield Minigun Peak State ------------ > --- POWER ------------ Light Deuterium Engine Micro Nuclear Core > --- PROPULSION ------- Armored Huge Wheel Flight Unit Flight Unit Improved VTOL Module Improved VTOL Module > --- UTILITY ---------- Advanced Weight Redist. System Structural Scanner Seismic Detector > --- WEAPON ----------- Minigun Ripper > --- INVENTORY -------- Light Deuterium Engine Compact Matter Pod ECM Suite System Shield Subdweller Beam Cannon [Rating: 38] Favorites ----------- Power Ion Engine Engine Ion Engine Power Core Micro Nuclear Core Propulsion Wheel Treads Light Treads Leg Aluminum Leg Wheel Wheel Hover Unit Gravmag System Flight Unit Improved VTOL Module Utility Structural Scanner Device Structural Scanner Storage Medium Storage Unit Processor Advanced Targeting Computer Weapon Assault Rifle Energy Gun Pulse Rifle Energy Cannon Subdweller Beam Cannon Ballistic Gun Assault Rifle Ballistic Cannon Gauss Cannon Impact Weapon Power Maul Slashing Weapon Ripper Piercing Weapon Makeshift Spear Build | -11 -10 -10 -8 -7 ------- Run | Yrd Mat Sub Mat Fac Slots Evolved 6 | . . . 4 2 Power 1 | . . . 1 . Propulsion 4 | . . . 2 2 Utility 1 | . . . 1 . Weapon . | . . . . . Parts Attached 64 | 8 8 5 22 21 Power 16 | 2 . 1 10 3 Engine 13 | 2 . 1 8 2 Core 3 | . . . 2 1 Reactor . | . . . . . Propulsion 21 | 3 4 1 6 7 Treads 3 | . . . 1 2 Leg 1 | 1 . . . . Wheel 8 | 2 4 1 . 1 Hover 4 | . . . . 4 Flight 5 | . . . 5 . Utility 12 | 1 2 . 3 6 Device 8 | . 1 . 3 4 Storage 2 | 1 1 . . . Processor 2 | . . . . 2 Hackware . | . . . . . Protection . | . . . . . Artifact . | . . . . . Weapon 15 | 2 2 3 3 5 Energy Gun 2 | . . . 1 1 Energy Cannon 2 | . . 1 1 . Ballistic Gun 6 | 2 1 . 1 2 Ballistic Cannon 1 | . . . . 1 Launcher . | . . . . . Special Weapon . | . . . . . Impact Weapon 2 | . 1 . . 1 Slashing Weapon 1 | . . 1 . . Piercing Weapon 1 | . . 1 . . Special Melee Weapon . | . . . . . Unidentified Prototypes 2 | . . . 1 1 Corrupted Parts 1 | . . . . 1 System Corruption 1 | . . . . 1 Parts Lost 23 | . 2 4 . 17 Power 6 | . . 2 . 4 Propulsion 12 | . 1 1 . 10 Utility 3 | . . . . 3 Weapon 2 | . 1 1 . . Highest Loss Streak 5 | . 1 3 . 5 To Critical Strikes . | . . . . . Average Slot Usage (%) 85 | . 97 99 90 66 Engine 10 | . 14 13 10 4 Core 1 | . . . 4 3 Treads 1 | . . . 1 2 Wheel 14 | . 26 28 . 4 Flight 10 | . . . 33 15 Device 17 | . 13 14 26 17 Storage 6 | . 14 14 . . Processor 1 | . . . . 2 Energy Cannon 2 | . . 9 . . Ballistic Gun 9 | . 26 4 2 2 Impact Weapon 3 | . . 4 . 5 Slashing Weapon 2 | . . . 9 1 Piercing Weapon 2 | . . 9 . . Naked Turns . | . . . . . Heaviest Build 24 | 14 20 24 22 19 Greatest Support 40 | 32 32 20 27 40 Greatest Overweight (x) 4 | 3 . 2 1 4 Average Overweight (x) . | 1 . . . . Largest Inventory Capacity 10 | 8 10 10 10 5 Average Capacity 7 | 7 8 10 5 5 Most Carried 10 | 8 10 10 8 5 Average Carried 6 | 4 7 9 4 4 Final Capacity 10 | 8 10 10 5 5 Final Carried 10 | 6 10 9 5 2 Class Distribution -------------------- 67% | Mutant 20% | Infiltrator-Mutant 6% | Infiltrator-Sprinter 5% | Sprinter Dominant Class ---------------- Mutant | -10/Materials Mutant | -10/Subcaves Infiltrator-Sprinter | -8/Materials Infiltrator-Mutant | -7/Factory Resources | -11 -10 -10 -8 -7 ----------- Run | Yrd Mat Sub Mat Fac Matter Collected 827 | 206 62 139 171 249 Remotely . | . . . . . Salvage Created 771 | . 148 101 116 406 Parts 38 | . 8 10 5 15 Haulers Intercepted . | . . . . . Recyclers Shooed . | . . . . . Parts Field Recycled . | . . . . . Retrieved Matter . | . . . . . Parts Self-Destructed 8 | . . 8 . . Prevented . | . . . . . Kills | -11 -10 -10 -8 -7 ------- Run | Yrd Mat Sub Mat Fac Combat Hostiles Destroyed 20 | . 7 4 . 9 Melee 5 | . . 1 . 4 Guns 11 | . 7 3 . 1 Cannons 1 | . . . . 1 Classes Destroyed 8 | . 2 1 2 3 Worker 2 | . . . . 2 Builder 1 | . . . . 1 Recycler 1 | . . . 1 . Operator 1 | . . . 1 . Swarmer 12 | . 6 3 . 3 Grunt 5 | . 1 . . 4 Sentry 2 | . . 1 . 1 Hunter 1 | . . . . 1 Best Kill Streak 4 | . 3 3 1 4 Combat Bots Only 3 | . 3 3 . 2 Max Kills in Single Turn 2 | . 2 1 1 1 Gunslinging 1 | . 1 . . . Exploded . | . . . . . Melee 1 | . . 1 . 1 Uniques/NPCs Destroyed . | . . . . . Combat | -11 -10 -10 -8 -7 -------- Run | Yrd Mat Sub Mat Fac Hostile Shots Fired 345 | . 60 40 12 233 Missed 127 | . 18 11 8 90 Damage Taken 3007 | . 424 382 55 2146 Core 961 | . 63 156 28 714 Absorbed by Shields . | . . . . . Core Remaining (%) 68 | 100 . 12 94 . Volleys Fired 54 | . 26 11 . 17 Largest 2 | . 2 1 . 1 Hottest 48 | . 40 20 . 48 Shots Fired 80 | . 52 11 . 17 Gun 77 | . 52 11 . 14 Cannon 3 | . . . . 3 Launcher . | . . . . . Special . | . . . . . Kinetic 80 | . 52 11 . 17 Thermal . | . . . . . Explosive . | . . . . . Electromagnetic . | . . . . . Robot Hit Streak 7 | . 5 3 . 7 Robot Miss Streak 7 | . 3 4 . 7 Penetration Max . | . . . . . Secondary Targets 3 | . 3 . . . Max Gunslinging Chain 1 | . 1 . . . Shots Hit Robots 72 | . 29 9 3 31 Core Hits 31 | . 9 4 2 16 Critical Kills 1 | . . . . 1 Critical Parts Destroyed 5 | . 1 . . 4 Critical Strikes 6 | . 1 . . 5 Destroy 1 | . 1 . . . Smash 5 | . . . . 5 Melee Attacks 39 | . 4 9 4 22 Impact 28 | . 4 2 . 22 Slashing 6 | . . 2 4 . Piercing 5 | . . 5 . . Sneak Attacks 6 | . . . 2 4 Combat Hostiles . | . . . . . Follow-up Attacks . | . . . . . Damage Inflicted 2140 | . 356 181 224 1379 Guns 675 | . 356 59 . 260 Cannons 56 | . . . . 56 Explosions 82 | . . . . 82 Melee 1327 | . . 122 224 981 Ramming . | . . . . . Kinetic 731 | . 356 59 . 316 Thermal . | . . . . . Explosive . | . . . . . Electromagnetic 82 | . . . . 82 Impact 981 | . . . . 981 Slashing 287 | . . 63 224 . Piercing 59 | . . 59 . . Highest Corruption 8 | . . . . 8 Average Corruption 2 | . . . . 2 Corruption Purged . | . . . . . Corruption Blocked . | . . . . . Effects 7 | . . . . 7 Message Errors 2 | . . . . 2 Matter Fused 1 | . . . . 1 Heat Flow Errors 4 | . . . . 4 Overload Shots . | . . . . . Overflow Damage 464 | . . 4 3 457 Projectiles . | . . . . . Explosions . | . . . . . Melee 464 | . . 4 3 457 Knockbacks 2 | . . . . 2 Impact 2 | . . . . 2 Kinetic . | . . . . . Secondary . | . . . . . Self-Inflicted Damage 117 | . . . . 117 Shots 3 | . . . . 3 Rammed . | . . . . . Targets Rammed . | . . . . . Kicked . | . . . . . Crushed . | . . . . . Highest Temperature 219 | . 10 . 39 219 Average Temperature 28 | . 5 . 12 73 Received Heat Transfer 885 | . 150 45 45 645 Siege Activations . | . . . . . Robots Corrupted . | . . . . . Combat Hostiles . | . . . . . Parts Fried 4 | . . . . 4 Impact Corruptions 11 | . . . . 11 Robots Melted . | . . . . . Combat Hostiles . | . . . . . Parts Melted . | . . . . . Heat Transferred . | . . . . . Parts Sabotaged . | . . . . . Parts Stolen . | . . . . . Parts Stripped . | . . . . . Power Chain Reactions 1 | . . . . 1 Alert | -11 -10 -10 -8 -7 ------- Run | Yrd Mat Sub Mat Fac Peak Influence 275 | . 255 . 156 275 Initial 70 | . . . 40 70 Average 100 | . 92 . 62 139 Maximum Alert Level 1 | . 1 . . 1 Low Security (%) 87 | 100 86 . 100 80 Level 1 12 | . 13 . . 19 Level 2 . | . . . . . Level 3 . | . . . . . Level 4 . | . . . . . Level 5 . | . . . . . High Security . | . . . . . Max Security . | . . . . . Squads Dispatched 9 | . 4 . . 5 Investigation . | . . . . . Extermination 1 | . . . . 1 Reinforcement 8 | . 4 . . 4 Assault . | . . . . . Garrison . | . . . . . Intercept . | . . . . . Searches Triggered . | . . . . . Construction Impeded . | . . . . . Haulers Reinforced 1 | . . . . 1 Active Scanning Responses . | . . . . . Cargo Convoy Interrupts . | . . . . . Stealth | -11 -10 -10 -8 -7 --------- Run | Yrd Mat Sub Mat Fac Distress Signals 3 | . 2 . 1 . Communications Jammed . | . . . . . Distress Signals . | . . . . . Times Spotted 72 | . 13 5 16 38 Peak Tracking Total 15 | . 4 3 15 7 Tactical Retreats 13 | . 2 . 2 9 Traps | -11 -10 -10 -8 -7 ------- Run | Yrd Mat Sub Mat Fac Traps Triggered 5 | . . 2 . 3 Indirectly . | . . . . . Trap Hack Attempts . | . . . . . Triggered . | . . . . . Disarmed . | . . . . . Reprogrammed . | . . . . . Reused . | . . . . . Traps Extracted . | . . . . . Installed . | . . . . . Triggered . | . . . . . Machines | -11 -10 -10 -8 -7 ---------- Run | Yrd Mat Sub Mat Fac Machines Disabled 6 | . 1 . . 5 Max in Single Turn 3 | . 1 . . 3 Machines Repaired . | . . . . . Machines Dismantled . | . . . . . Machines Sabotaged . | . . . . . Overloaded Fab Kills . | . . . . . Hacking | -11 -10 -10 -8 -7 --------- Run | Yrd Mat Sub Mat Fac Machines Accessed 1 | . . . 1 . Terminals 1 | . . . 1 . Fabricators . | . . . . . Repair Stations . | . . . . . Recycling Units . | . . . . . Scanalyzers . | . . . . . Garrison Access . | . . . . . Total Hacks 1 | . . . 1 . Successful 1 | . . . 1 . Failed . | . . . . . Catastrophic . | . . . . . Database Lockouts . | . . . . . Manual . | . . . . . Terminals 1 | . . . 1 . Fabricators . | . . . . . Repair Stations . | . . . . . Recycling Units . | . . . . . Scanalyzers . | . . . . . Garrison Access . | . . . . . Terminal Hacks 1 | . . . 1 . Alert Level 1 | . . . 1 . Fabricator Hacks . | . . . . . Repair Station Hacks . | . . . . . Recycling Unit Hacks . | . . . . . Scanalyzer . | . . . . . Garrison Access Hacks . | . . . . . Unauthorized Hacks . | . . . . . Terminals . | . . . . . Fabricators . | . . . . . Repair Stations . | . . . . . Recycling Units . | . . . . . Scanalyzers . | . . . . . Garrison Access . | . . . . . Data Cores Recovered 1 | . . . 1 . Used . | . . . . . Hacking Detections 1 | . . . 1 . Full Trace Events . | . . . . . Feedback Events . | . . . . . Feedback Blocked . | . . . . . Robot Schematics Acquired . | . . . . . Robots Built . | . . . . . Authchips . | . . . . . Time . | . . . . . Total Robot Build Rating . | . . . . . Part Schematics Acquired . | . . . . . Parts Built . | . . . . . Authchips . | . . . . . Time . | . . . . . Total Part Build Rating . | . . . . . Parts Repaired . | . . . . . Time . | . . . . . Parts Recycled . | . . . . . Recycled Matter . | . . . . . Retrieved Matter . | . . . . . Retrieved Components . | . . . . . Parts Scanalyzed . | . . . . . Part Schematics Acquired . | . . . . . Parts Damaged . | . . . . . Bothacking | -11 -10 -10 -8 -7 ------------ Run | Yrd Mat Sub Mat Fac Used RIF Installer . | . . . . . Robots Hacked . | . . . . . Non-combat . | . . . . . Combat . | . . . . . Robot Hacks Applied . | . . . . . Relay Couplers Released . | . . . . . Fabnet Peak Effective % . | . . . . . Robots Rewired . | . . . . . Allies Hacked . | . . . . . Hacks Repelled . | . . . . . Allies | -11 -10 -10 -8 -7 -------- Run | Yrd Mat Sub Mat Fac Total Allies . | . . . . . Largest Group . | . . . . . Highest-Rated Group . | . . . . . Highest-Rated Ally . | . . . . . Total Orders . | . . . . . Ally Attacks . | . . . . . Total Damage . | . . . . . Kills . | . . . . . Allies Corrupted . | . . . . . Allies Melted . | . . . . . Intel | -11 -10 -10 -8 -7 ------- Run | Yrd Mat Sub Mat Fac Robot Analysis Total . | . . . . . Derelict Logs Recovered 1 | . . 1 . . Drone Launches . | . . . . . Drone Recoveries . | . . . . . Exploration | -11 -10 -10 -8 -7 ------------- Run | Yrd Mat Sub Mat Fac Turns Passed 1815 | 112 468 375 250 610 Spaces Moved 2081 | 57 407 343 504 770 Core 73 | 35 . . . 38 Treads 24 | . . . . 24 Legs 10 | 10 . . . . Wheels 881 | 12 407 343 . 119 Hover 61 | . . . . 61 Flight 1032 | . . . 504 528 Fastest Speed 28 | 50 80 80 28 28 Average Speed 66 | 161 87 91 32 58 Slowest Speed 250 | 200 100 110 117 250 Overloaded Moves . | . . . . . Propulsion Burnouts . | . . . . . Robots Hopped . | . . . . . Cave-ins Triggered . | . . . . . Exploration Rate (%) 34 | 4 77 24 45 22 Regions Visited 4 Branch Regions 1 Pre-discovered Areas 1 | . . 1 . . Known Exits Taken . | . . . . . Unknown Exits Taken 4 | 1 1 1 1 . Scrap Searched 4 | . . 4 . . Spaces Dug 3 | . 1 1 1 . Terrain Destroyed 3 | . 1 1 1 . Melee 3 | . 1 1 1 . Projectile . | . . . . . AOE . | . . . . . Terrain Rammed . | . . . . . Walls Destroyed . | . . . . . Machines Disabled . | . . . . . Actions | -11 -10 -10 -8 -7 --------- Run | Yrd Mat Sub Mat Fac Total 2372 | 74 459 382 589 868 Wait 57 | . . 7 31 19 Move 2077 | 56 406 342 503 770 Hop . | . . . . . Pick Up 43 | 10 9 3 9 12 Fast Attach 17 | 2 1 3 6 5 Attach 31 | 4 2 1 10 14 Detach 6 | . . . 4 2 Swap 16 | 2 5 1 6 2 Drop 32 | . 6 5 16 5 Fire 54 | . 26 11 . 17 Melee 39 | . 4 9 4 22 Ram . | . . . . . Kick . | . . . . . Crush . | . . . . . Escape Stasis . | . . . . . Rewire . | . . . . . Trap . | . . . . . Miscellaneous . | . . . . . Route ------- -11/Scrapyard -10/Materials (discovered 3 exits: [*Min x2] / [*Sub]) -10/Subcaves -8/Materials -7/Factory History --------- Turn | Location | Event 44 | -11/Scrapyard | Discovered new exit (range 16) 113 | -11/Scrapyard | Entered Materials 303 | -10/Materials | Build established: Mutant 392 | -10/Materials | Discovered new exit (range 9) 555 | -10/Materials | Discovered new exit (range 6) 573 | -10/Materials | Discovered new exit (range 8) 581 | -10/Materials | Entered Subcaves 724 | -10/Subcaves | Learned location of Storage (-7) 765 | -10/Subcaves | A swath of the cavern ceiling suddenly collapsed 856 | -10/Subcaves | Core integrity fell below 50% 936 | -10/Subcaves | Discovered new exit (range 8) 948 | -10/Subcaves | Core integrity fell below 20% 956 | -10/Subcaves | Entered Materials 956 | -8/Materials | Evolved 4 slots: Power x1, Propulsion x2, Utility x1 986 | -8/Materials | Lost 3 parts (1p1n1w) 1203 | -8/Materials | Discovered new exit (range 10) 1206 | -8/Materials | Entered Factory 1206 | -7/Factory | Evolved 2 slots: Propulsion x2 1559 | -7/Factory | Lost 4 parts (1p2n1u) 1572 | -7/Factory | Build established: Infiltrator-Mutant 1772 | -7/Factory | Core integrity fell below 50% 1800 | -7/Factory | Lost 5 parts (4n1u) 1807 | -7/Factory | Core integrity fell below 20% 1816 | -7/Factory | Destroyed by G-47 Trooper with Particle Gun Last Messages --------------- 01750_ System corrupted: Matter fused (-7). 01750_ H-55 Commando suffers critical hit (Smash). 01750_ Destroyed Carbon-fiber Leg. 01750_ Destroyed Targeting Computer. 01750_ H-55 Commando system corrupted by crushing effect. 01750_ H-55 Commando knocked back. 01755_ K-01 Serf collects debris. 01757_ Gravmag System destroyed. 01760_ ECM Suite destroyed. 01765_ Critical hit (Burn: +37). 01768_ Gravmag System destroyed. 01768_ Lgt. Treads destroyed. 01773_ K-01 Serf collects debris. 01779_ O-16 Technician: "IFF HANDSHAKE FAILED. SECURING TERMINAL." 01779_ U-05 Engineer builds a Door. 01784_ Y> KEZ 2FJ:K4MKIR%OT7 OV 01788_ ALERT: Hostiles spotted, dispatching reinforcements to Terminal F012. 01799_ System corrupted: Heat flow error (+155). 01801_ Acquired Transmission Jammer. Map ----- +----------------------------------------------------+ | ?????????????????????????????????????????????????? | | ?????????????????????????????????????????????????? | | ?????????????????????????????????????????????????? | | ?????????????????????????????????????????????????? | | ?????????????????????????????????????????????????? | | ?????????????????????????????????????????????????? | | ?????????????????????????????????????????????????? | | ?????????????????????????????????????????????????? | | ?????????????????????????????????????????????????? | | ??????????????????????????????????????? ## ?? | | ??????????????????????????????????????? #######??# | | ??????????????????????????????????????? # ##### | | ????????????????????????????????????+??##" ! ##### | | ???????????????????????????????????? ??##T + ### | | ??????????????????????????????????## ??##" # ### | | ??????????????????????????????????## #?## # ### | | ??????????????????????????????????## #?## + | | ??????????????????????????????????## #?## # | | ??????????????????????????????????## #### # | | ??????????????????????????????????## #### + | | ???????????????????????????####???## ###### | | ??????????????????????????##""###### ###### | | ????????????????????########T"###### | | ????????????? ########## | | ????????????????????# #####g######## ########## | | ????????????????????????#@g Y ##### ### ! | | ????????????????????????# bp"" #??## + | | ????????????????????????# g F" #??## ### | | ????????????????????????# g " #??## ### | | ????????????????????????#!! "" #??## ### | | ????????????????????????# #?##### ### | | ????????????????????????#########?##### ### | | ???????????????????????????????######## ### | | ???????????????????????????????# """ # #######+## | | ???????????????????????????????# """ # | | ???????????????????????????????# """ + | | ???????????????????????????????# # ^ | | ???????????????????????????????# # ## | | ???????????????????????????????# # ## | | ???????????????????????????????######## ## ^ | | ?????????????????????????????????????## ###### | | ?????????????????????????????????????## # | | ?????????????????????????????????????## # | | ?????????????????????????????????????## # | | ????????????????????????????????????? # !! | | ????????????????????????????????????? # ! | | ??????????????????????????????????? ###### | | ???????????????????????????????????############### | | ??????????????????????????????????? ???? | | ?????????????????????????????????????????????????? | +----------------------------------------------------+ Best States ------------- Heat Dissipation 34 Coolant Potential 65 Energy Generation 24 Energy Capacity 305 Matter Stores 226 Matter Capacity 300 Sight Range 16 Terrain Scan Density 10 ECM Strength 1 Additional Mass Support 9 Evasion (%) 64 Targeting Accuracy 8 Recoil Reduction 2 Item Schematics ----------------- None Robot Schematics ------------------ None Fabricated ------------ Nothing Alien Tech Used ----------------- None Achievements -------------- None Challenges ------------ None Game ------ Seed ReflectiveGammaInitializer Manual? 0 Play Time 00:35:23 Cumulative 67.0 hours Start 2024.06.26 @ 20:46:50 End 2024.06.26 @ 21:33:00 Sessions 1 Manual Loads 0 Difficulty Rogue Special Mode None Game No. 99 Rogue 99 Adventurer 0 Explorer 0 Win Type - Total 0 Types 0/0/0/0/0/0/0/0/0 Lore% 34 Gallery% 48 Achievement% 32 Wizard Run 0 Options --------- Layout 0 ASCII 0 Keyboard 0 Movement Mouse Keybinds 0 Fullscreen 1 Font 24/Smallcaps Map View 76x50 Zoom Use 0% Tactical HUD 1 Map Filters NONE Filters NONE Steam 1 RUN: 4878aea8-b3e1-48a3-892c-c782c34cf512